 Dungeon Crawl Stone Soup version 0.28-a0-909-g796cbd3a86 (webtiles) character file.

Game seed: 17356505131671096589

1243 Peloso the Slasher (level 8, -1/100 (105) HPs)
             Began as a Minotaur Fighter on Nov 25, 2021.
             Was a Follower of Okawaru.
             Slain by a steam dragon (4 damage)
             ... on level 6 of the Dungeon.
             The game lasted 00:10:15 (5095 turns).

Peloso the Slasher (Minotaur Fighter)               Turns: 5095, Time: 00:10:16

HP:   -1/100 (105)  AC: 15    Str: 21    XL:     8   Next: 25%
MP:   7/7           EV:  9    Int:  5    God:    Okawaru [*.....]
Gold: 273           SH:  5    Dex: 14    Spells: 7/7 levels left

rFire   . . .      SeeInvis .   a - +0 long sword
rCold   . . .      Faith    .   c - +0 buckler
rNeg    . . .      Spirit   .   E - +0 chain mail
rPois   .          Reflect  .   (helmet restricted)
rElec   .          Harm     .   (no cloak)
rCorr   .          Rampage  .   (no gloves)
Will    .....      Clarity  +   h - +0 pair of boots
Stlth   ..........              (no amulet)
HPRegen 0.26/turn               k - +4 ring of protection
MPRegen 0.10/turn               (no ring)

@: brilliant, berserking, lightly drained, unable to read, very quick
A: horns 2, retaliatory headbutt, agile 1, clarity, inability to read while
threatened
a: Renounce Religion, Heroism


You were on level 6 of the Dungeon.
You worshipped Okawaru.
Okawaru was aware of your devotion.
You visited 2 branches of the dungeon, and saw 7 of its levels.
You also visited: Sewer.

You collected 273 gold pieces.

Inventory:

Hand Weapons
 a - a +0 long sword (weapon)
 b - a +2 short sword of flaming
Missiles
 j - a throwing net (quivered)
Armour
 c - a +0 buckler (worn)
 h - a +0 pair of boots (worn)
 n - a +0 scale mail
 E - a +0 chain mail (worn)
Jewellery
 g - a +6 ring of intelligence
 k - a +4 ring of protection (left hand)
 B - a ring of fire
Wands
 C - a wand of iceblast (11)
 F - a wand of flame (5)
Scrolls
 i - a scroll of brand weapon
 m - a scroll of silence {unknown}
 o - 2 scrolls of immolation {unknown}
 q - a scroll of noise {unknown}
 r - 2 scrolls of magic mapping {unknown}
 s - 2 scrolls of summoning {unknown}
 t - 2 scrolls of blinking {unknown}
 v - 2 scrolls of enchant armour {unknown}
 w - 2 scrolls of amnesia {unknown}
 y - a scroll of enchant weapon
 D - a scroll of vulnerability {unknown}
 G - a scroll of acquirement {unknown}
Potions
 d - 2 potions of might
 e - a potion of brilliance
 f - a potion of heal wounds {unknown}
 l - a potion of degeneration
 p - a potion of curing {unknown}
 u - a potion of berserk rage
 x - 2 potions of magic {unknown}
 z - a potion of attraction {unknown}
 A - a potion of mutation


   Skills:
 + Level 5.6 Fighting
 + Level 7.3 Long Blades
 + Level 7.0 Armour
 + Level 3.1 Dodging
 + Level 0.8 Stealth
 + Level 5.7 Shields
 + Level 0.7 Evocations


You had 7 spell levels left.
You didn't know any spells.
Your spell library contained the following spells:

 Spells                   Type           Power      Damage    Failure   Level
 Corpse Rot               Necr/Air       0%         N/A       99%         2
 Gell's Gravitas          Tloc           0%         N/A       100%        3
 Teleport Other           Tloc           0%         N/A       100%        3
 Dispel Undead            Necr           0%         3d6       100%        4
 Dispersal                Tloc           0%         N/A       100%        6
 Death Channel            Necr           Unusable   N/A       N/A         6

Dungeon Overview and Level Annotations

Branches:
Dungeon (6/15)             Temple (1/1) D:5           Sewer (visited)

Altars:
Ashenzari
Cheibriados
Dithmenos
Elyvilon
Gozag
Hepliaklqana
Kikubaaqudgha
Nemelex Xobeh
Okawaru
Qazlal
Ru
Sif Muna
Trog
Uskayaw
Vehumet
Wu Jian
Xom
Yredelemnul
Zin
The Shining One
Lugonu


Innate Abilities, Weirdness & Mutations

You have a pair of horns on your head.
You reflexively headbutt those who attack you in melee.
You are agile. (Dex +2)
You possess an exceptional clarity of mind.
You sometimes lose the ability to read scrolls when taking damage.


Message History

The ball of steam hits you.
You hear an angry hiss.
You closely miss the steam dragon. Your headbutt misses the steam dragon.
You are engulfed in a cloud of scalding steam.
The steam dragon bites you.
The steam dragon claws you but does no damage.
An iguana comes into view.
You hit the steam dragon but do no damage.
You headbutt the steam dragon.
The steam dragon is lightly wounded.
The steam dragon breathes steam at you. The ball of steam hits you.
You hit the steam dragon but do no damage.
The steam dragon is lightly wounded.
You are engulfed in a cloud of scalding steam.
The steam dragon bites you!
* * * LOW HITPOINT WARNING * * *
You block the steam dragon's attack.
You closely miss the steam dragon.
The steam dragon is lightly wounded.
You are engulfed in a cloud of scalding steam.
* * * LOW HITPOINT WARNING * * *
The steam dragon bites you.
* * * LOW HITPOINT WARNING * * *
The steam dragon closely misses you.
It was a potion of mutation.
You feel extremely strange.
You lose the ability to read scrolls when threatened.
You feel agile.
Your thoughts seem clearer.
You are engulfed in a cloud of scalding steam.
You feel threatened and lose the ability to read scrolls!
* * * LOW HITPOINT WARNING * * *
The steam dragon bites you but does no damage.
The steam dragon closely misses you.
It was a potion of brilliance.
You feel clever all of a sudden. The steam dragon closely misses you.
You block the steam dragon's attack.
It was a potion of berserk rage.
A red film seems to cover your vision as you go berserk!
You feel yourself moving faster!
You feel mighty! The steam dragon bites you.
You die...

########## #........#
#........# ###
#.......[# #.##
#........###### #..#
#..........@Dz###
#..###........####l..#
....##†.......#
###.......
###...#########
..<.... ###.# ##.....
#.### ..... #.... ....
######..# ...
#......## ...


You could see a steam dragon, an iguana and a wight.

Vanquished Creatures
  Edmund (D:5)
  A black bear (D:6)
  2 sky beasts
  Pargi (Sewer)
  A necrophage (D:6)
  An ogre (D:6)
  A phantom (D:3)
  2 scorpions
  A wight (D:6)
  3 hounds
  An iguana (D:6)
  An orc wizard (D:4)
  Ijyb (D:5)
  A hound skeleton (D:4)
  3 gnolls (D:3)
  4 adders (D:2)
  A white imp (D:5)
  2 ufetubi
  A worm (D:3)
  3 dart slugs
  5 orcs
  6 ball pythons
  8 bats
  5 endoplasms
  7 giant cockroaches
  6 goblins
  10 hobgoblins
  5 jackals
  11 kobolds
  7 quokkas
  4 frilled lizards
  8 rats
  A spectral orc (D:5)
  A bush (D:1)
116 creatures vanquished.

Vanquished Creatures (others)
  9 plants (D:1)
9 creatures vanquished.

Grand Total: 125 creatures vanquished

Notes
Turn   | Place    | Note
-------+----------+-------------------------------------------
     0 | D:1      | Peloso the Minotaur Fighter began the quest for the Orb.
     0 | D:1      | Reached XP level 1. HP: 19/19 MP: 0/0
   163 | D:1      | Reached XP level 2. HP: 27/27 MP: 1/1
   591 | D:1      | Reached XP level 3. HP: 33/33 MP: 2/2
   651 | D:1      | Found a faded altar of an unknown god.
  1426 | D:2      | Reached XP level 4. HP: 21/40 MP: 3/3
  1673 | D:2      | You fall into a shaft and drop 1 floor!
  2416 | D:3      | Noticed a phantom
  2428 | D:3      | Killed a phantom
  2429 | D:3      | Reached skill level 1 in Dodging
  2429 | D:3      | Reached XP level 5. HP: 40/47 MP: 4/4
  2482 | D:3      | Reached skill level 5 in Armour
  3023 | D:4      | Reached skill level 5 in Long Blades
  3023 | D:4      | Reached XP level 6. HP: 11/53 MP: 5/5
  3079 | D:4      | HP: 1/53 [scorpion (4)]
  3284 | D:4      | Found a glowing drain.
  3299 | Sewer    | Entered a sewer
  3484 | Sewer    | Noticed Pargi
  3511 | Sewer    | Killed Pargi
  3927 | D:5      | Entered Level 5 of the Dungeon
  4002 | D:5      | Found an opulent altar of Gozag.
  4003 | D:5      | Found a shadowy altar of Dithmenos.
  4005 | D:5      | Found a broken altar of Ashenzari.
  4009 | D:5      | Found a hide-covered altar of Uskayaw.
  4010 | D:5      | Found a snail-covered altar of Cheibriados.
  4010 | D:5      | Found a basalt altar of Yredelemnul.
  4010 | D:5      | Found a radiant altar of Vehumet.
  4010 | D:5      | Found a shimmering blue altar of Sif Muna.
  4014 | D:5      | Found a glowing golden altar of the Shining One.
  4030 | D:5      | Noticed Edmund
  4036 | D:5      | Killed Edmund
  4037 | D:5      | Reached skill level 5 in Shields
  4037 | D:5      | Reached XP level 7. HP: 60/60 MP: 6/6
  4060 | D:5      | Reached skill level 5 in Fighting
  4210 | D:5      | Noticed Ijyb
  4213 | D:5      | Killed Ijyb
  4214 | D:5      | Found a stormy altar of Qazlal.
  4228 | D:5      | Found a sparkling altar of Nemelex Xobeh.
  4255 | D:5      | Found a sacrificial altar of Ru.
  4304 | D:5      | Found a staircase to the Ecumenical Temple.
  4332 | Temple   | Entered the Ecumenical Temple
  4356 | Temple   | Became a worshipper of Warmaster Okawaru
  4475 | D:5      | Found a hazy altar of Hepliaklqana.
  4723 | D:6      | Reached XP level 8. HP: 69/69 MP: 7/7
  5050 | D:6      | Reached * piety under Okawaru
  5093 | D:6      | Gained mutation: You sometimes lose the ability to read
                  | scrolls when taking damage. [potion of mutation]
  5093 | D:6      | Gained mutation: You are agile. (Dex +2) [potion of
                  | mutation]
  5093 | D:6      | Gained mutation: You possess an exceptional clarity of
                  | mind. [potion of mutation]
  5093 | D:6      | HP: 1/67 [steam dragon] (8)]
  5095 | D:6      | Slain by a steam dragon

Illustrated notes

Levels and vault maps discovered:
D:1:      heliophobic_arrival_dark_side_of_the_moon, layout_loops_ring,
          serial_forest, infiniplex_forest_clump_tiny,
          infiniplex_forest_corner_1, infiniplex_forest_join,
          infiniplex_forest_lined_1, infiniplex_forest_end_2,
          infiniplex_forest_zigzag_1, infiniplex_forest_lined_corner,
          infiniplex_forest_3_way, infiniplex_forest_clump_diagonal,
          infiniplex_forest_clump_double, shapermc_ecumenical_altar_venn
D:2:      layout_loops_ring, minmay_randomly_rotated_circles
D:3:      layout_loops_ring, minivault_14, columned_hall_lemuel
D:4:      layout_rooms, portal_sewer_entry_b
D:5:      layout_cave_pools, grunt_temple_overflow_open,
          nicolae_hepliaklqana_monster_ancestors, minitemple,
          minmay_temple_entry_ruins, serial_column_ruins,
          column_ruins_open_tiny, column_ruins_columns_straight,
          column_ruins_open_large, column_ruins_corridor_straight,
          column_ruins_columns_T, uniq_edmund, uniq_ijyb
D:6:      layout_rooms
Temple:   corrupted_temple

Skill      XL: |  1  2  3  4  5  6  7  8 |
---------------+-------------------------+-----
Fighting       | 4 5 |  5.6
Shields        | 4 5 |  5.7
Armour         | 4 5 6 7 |  7.0
Long Blades    | 3 4 5 6 7 |  7.3
Dodging        | 1 2 3 |  3.1
Stealth        | |  0.8
Evocations     | |  0.7

Action                   |  1- 3 |  4- 6 |  7- 9 || total
-------------------------+-------+-------+-------++-------
Melee: Long sword        |   151 |   172 |    97 ||   420
       Headbutt          |    27 |    30 |    21 ||    78
Evoke: Wand              |       |     2 |     3 ||     5
  Use: Scroll            |       |     2 |       ||     2
       Potion            |       |     1 |     3 ||     4
Armor: Scale mail        |    62 |   138 |       ||   200
       Chain mail        |       |     1 |    72 ||    73
Dodge: Dodged            |    47 |   128 |    30 ||   205
Block: Buckler           |    24 |    52 |    24 ||   100

Table legend: (Time is in decaauts)
 A = Elapsed time spent in this place.
 B = Non-inter-level travel time spent in this place.
 C = Inter-level travel time spent in this place.
 D = Time resting spent in this place.
 E = Time spent auto-exploring this place.
 F = Levels seen in this place.
 G = Mean time per level.
                   A        B        C        D        E       F      G
               +--------+--------+--------+--------+--------+-----+--------+
         Total |   5173 |   5077 |     96 |    144 |   3507 |   8 |  646.6 |
       Dungeon |   4678 |   4582 |     96 |      0 |   3298 |   6 |  779.7 |
        Temple |     44 |     44 |      0 |      0 |      0 |   1 |   44.0 |
         Sewer |    451 |    451 |      0 |    144 |    209 |   1 |  451.0 |
               +--------+--------+--------+--------+--------+-----+--------+

Top non-repeatable levels by time:
     D:1: 1266 daAuts
     D:3: 948 daAuts
     D:2: 802 daAuts
     D:5: 697 daAuts
     D:4: 527 daAuts
   Sewer: 451 daAuts
     D:6: 436 daAuts
  Temple: 44 daAuts
